 Dungeon Crawl Stone Soup version 0.27.1-34-g3ba077fa99 (webtiles) character file.

Game seed: 15707105043366791001

8181 pkoi the Brawler (level 11, -1/76 HPs)
             Began as a Yellow Draconian Monk on Jan 12, 2022.
             Was a Priest of Hepliaklqana.
             Slain by a seven-headed hydra (4 damage)
             ... on level 9 of the Dungeon.
             The game lasted 00:15:43 (12899 turns).

pkoi the Brawler (Yellow Draconian Monk)           Turns: 12899, Time: 00:15:44

Health: -1/76      AC: 10    Str: 20    XL:     11   Next: 6%
Magic:  13/13      EV: 13    Int: 14    God:    Hepliaklqana [***...]
Gold:   666        SH:  0    Dex: 13    Spells: 10/10 levels left

rFire    + + .     SeeInvis .     - Unarmed
rCold    + + .     Faith    .   (no shield)
rNeg     . . .     Spirit   .   (armour unavailable)
rPois    +         Reflect  .   (helmet restricted)
rElec    +         Harm     .   r - scarf {rC+ rF+}
rCorr    +         Rampage  .   d - +1 pair of gloves
Will     .....                  h - +0 pair of boots
Stlth    ++........             n - amulet of magic regeneration
HPRegen  0.22/turn              o - +6 ring of strength
MPRegen  0.38/turn              (no ring)

@: short of breath, resistant
A: reduced essence, spit acid, AC +7, unfitting armour, cold-blooded, acid
resistance
a: Breathe Acid, Renounce Religion, Recall Ancestor, Ancestor Identity,
Transference


You were on level 9 of the Dungeon.
You worshipped Hepliaklqana.
Hepliaklqana was most pleased with you.
You visited 2 branches of the dungeon, and saw 10 of its levels.

You collected 806 gold pieces.
You spent 140 gold pieces at shops.

Inventory:

Hand Weapons
 a - a +4 dagger of venom
 b - a +1 short sword of holy wrath
 e - a +1 short sword of draining
 w - the +8 dagger of Peril {antimagic, Will+ Int+3}
   (You bought it in a shop on level 5 of the Dungeon)

   It reduces the magical energy of the wielder, and disrupts the spells and
   magical abilities of those it strikes.
   Natural abilities and divine invocations are not affected.
   Int:       It affects your intelligence (+3).
   Will:      It increases your willpower.
 z - the +9 dagger of Niceistre {speed, +Rage}
   (You found it on level 9 of the Dungeon)

   Attacks with this weapon are significantly faster.
   +Rage:     It lets you go berserk.
Missiles
 j - 41 poisoned darts (quivered)
Armour
 d - a +1 pair of gloves (worn)
 h - a +0 pair of boots (worn)
 r - a scarf of resistance (worn)
Jewellery
 n - an amulet of magic regeneration (around neck)
 o - a +6 ring of strength (left hand)
 s - a ring of see invisible
 v - a ring of wizardry
 D - a ring of magical power
Wands
 f - a wand of paralysis (10)
 k - a wand of flame (9)
 m - a wand of mindburst (2)
 x - a wand of digging (3)
Scrolls
 c - 4 scrolls of identify
 p - 5 scrolls of teleportation
 t - a scroll of enchant weapon
 y - a scroll of brand weapon
 B - a scroll of amnesia {unknown}
Potions
 g - 2 potions of flight
 l - 2 potions of might {unknown}
 q - 2 potions of curing
 u - 4 potions of attraction {unknown}
 A - a potion of heal wounds {unknown}


   Skills:
 + Level 4.9 Fighting
 + Level 4.1 Dodging
 - Level 1.7 Stealth
 + Level 15.4 Unarmed Combat
 + Level 3.6 Invocations


You had 10 spell levels left.
You didn't know any spells.
Your spell library was empty.

Dungeon Overview and Level Annotations

Branches:
Dungeon (9/15)             Temple (1/1) D:5             Orc (0/2) D:9
   Lair: D:8-11

Altars:
Ashenzari
Cheibriados
Dithmenos
Elyvilon
Fedhas
Gozag
Hepliaklqana
Kikubaaqudgha
Makhleb
Nemelex Xobeh
Okawaru
Qazlal
Ru
Sif Muna
Trog
Uskayaw
Vehumet
Wu Jian
Xom
Yredelemnul
Zin
The Shining One

Shops:
D:4 *   D:5 (

Annotations:
D:3 1 runed translucent door, 12sPaWn12's ghost, amateur GrFi
D:6 1 runed translucent door, Fractals's ghost, novice HuWz


Innate Abilities, Weirdness & Mutations

Your life essence is reduced to manifest your ancestor. (-10% HP)
You can spit globs of acid.
Your golden yellow scales are hard. (AC +7)
You cannot fit into any form of body armour.
You are cold-blooded and may be slowed by cold attacks.
You are resistant to acid. (rCorr)


Message History

Aim: a seven-headed hydra (heavily wounded, covered in acid, chance to affect: 15%)
Okay, then.
Unknown command.
Aiming: Mindburst
Press: ? - help, Shift-Dir - straight line, f/p - seven-headed hydra
Aim: a seven-headed hydra (heavily wounded, covered in acid, chance to affect: 30%)
Okay, then.
Unknown command.
It was a potion of resistance.
You feel protected.
You punch the seven-headed hydra!
The seven-headed hydra is severely wounded.
The seven-headed hydra closely misses you.
The seven-headed hydra bites you. x2; The seven-headed hydra misses you.
The seven-headed hydra bites you. The seven-headed hydra bites you!
The seven-headed hydra bites you.
You hit the seven-headed hydra.
The seven-headed hydra is severely wounded.
The seven-headed hydra bites you!
The seven-headed hydra bites you but does no damage.
The seven-headed hydra bites you!
* * * LOW HITPOINT WARNING * * *
The seven-headed hydra bites you!
* * * LOW HITPOINT WARNING * * *
The seven-headed hydra bites you!
* * * LOW HITPOINT WARNING * * *
The seven-headed hydra bites you!
* * * LOW HITPOINT WARNING * * *
The seven-headed hydra closely misses you.
Unknown command.
Unknown command.
Okay, then.
Unknown command.
There is a stone staircase leading up, spattered with blood here.
You punch the seven-headed hydra!
The seven-headed hydra is severely wounded.
You barely miss the seven-headed hydra. You tail-slap the seven-headed hydra.
The seven-headed hydra is almost dead.
The seven-headed hydra bites you.
You die...

#####8...###
#........###..### ##....#
#................ #...##
#...>....#....##. ##..##
##########.#.##.. ###...#
#..#.##..
#....#############.##.##..
##..## #.....).)......##..
##(..# #..<.[(.....#####..
##([).#
#.@D...............
#.()(.#
#....############..
###...[.# #.#### #..
#.....### #.# #..
##...#######.# #..
##..R.......# #..
############ ##. ## #


You could see a seven-headed hydra (corroded).

Vanquished Creatures
  A two-headed ogre (D:9)
  A skeletal warrior (D:9)
  Maggie (D:7)
  A kobold demonologist (D:9)
  A troll (D:8)
  A hornet (D:9)
  A slime creature (D:9)
  A wyvern (D:8)
  3 wraiths
  A yak (D:9)
  A steam dragon (D:8)
  2 acid dragons (D:9)
  2 water moccasins
  An orc warrior (D:9)
  An ice beast (D:7)
  A necrophage (D:5)
  3 ogres
  2 centaurs (D:9)
  A phantom (D:7)
  2 kobold brigands (D:9)
  2 bullfrogs
  A gnoll sergeant (D:9)
  A wyvern zombie (D:8)
  6 scorpions
  A wyvern skeleton (D:5)
  A killer bee (D:9)
  A wight (D:9)
  A howler monkey (D:9)
  2 hounds
  A bullfrog skeleton (D:7)
  2 centaur skeletons (D:6)
  2 orc priests
  2 jellies
  2 orc wizards
  A hound skeleton (D:2)
  3 gnolls (D:9)
  6 adders
  2 white imps
  2 worms (D:3)
  A dart slug (D:3)
  8 orcs
  4 endoplasms (D:1)
  3 giant cockroaches
  5 goblins
  2 hobgoblins
  3 jackals (D:5)
  4 quokkas
  7 ball pythons
  6 bats
  4 frilled lizards
  7 kobolds
  2 rats
123 creatures vanquished.

Vanquished Creatures (collateral kills)
  A boulder beetle (D:9)
  A two-headed ogre (D:8)
  A manticore (D:9)
  A troll (D:9)
  A yak (D:9)
  A water moccasin (D:7)
  An orc warrior (D:8)
  A bullfrog (D:9)
  A bullfrog zombie (D:6)
  A centaur zombie (D:9)
  An orc priest (D:8)
  An orc wizard (D:8)
  A killer bee zombie (D:7)
  A howler monkey zombie (D:9)
  2 gnolls (D:9)
  An adder zombie (D:5)
  3 orcs
  A kobold (D:9)
21 creatures vanquished.

Vanquished Creatures (others)
  5 knights (D:9)
5 creatures vanquished.

Grand Total: 149 creatures vanquished

Notes
Turn   | Place    | Note
-------+----------+-------------------------------------------
     0 | D:1      | pkoi the Draconian Monk began the quest for the Orb.
     0 | D:1      | Reached XP level 1. HP: 19/19 MP: 1/1
   307 | D:1      | Reached XP level 2. HP: 22/26 MP: 2/2
   557 | D:1      | Found a faded altar of an unknown god.
  1109 | D:2      | Reached skill level 4 in Unarmed Combat
  1122 | D:2      | You fall into a shaft and drop 2 floors!
  1188 | D:4      | Noticed an ogre
  1193 | D:4      | Killed an ogre
  1194 | D:4      | Reached skill level 5 in Unarmed Combat
  1194 | D:4      | Reached XP level 3. HP: 31/31 MP: 3/3
  1194 | D:4      | Reached XP level 4. HP: 38/38 MP: 4/4
  1687 | D:3      | Found an opulent altar of Gozag.
  1773 | D:3      | Reached XP level 5. HP: 41/45 MP: 5/5
  1941 | D:3      | Found a runed translucent door.
  1946 | D:3      | Noticed 12sPaWn12's ghost (amateur GrFi)
  2051 | D:3      | Noticed an ice beast
  2116 | D:3      | Reached skill level 6 in Unarmed Combat
  2268 | D:3      | Found a glowing drain.
  3187 | D:4      | Found Fuac's Fabulous Fripperies.
  3259 | D:4      | Found an iron altar of Okawaru.
  3890 | D:5      | Entered Level 5 of the Dungeon
  3936 | D:5      | Reached XP level 6. HP: 31/51 MP: 6/6
  4188 | D:5      | Found a staircase to the Ecumenical Temple.
  4201 | D:5      | Reached skill level 7 in Unarmed Combat
  4210 | Temple   | Entered the Ecumenical Temple
  4498 | D:5      | Found a hide-covered altar of Uskayaw.
  4517 | D:5      | Noticed a water moccasin
  4533 | D:5      | Killed a water moccasin
  4534 | D:5      | Reached skill level 8 in Unarmed Combat
  4534 | D:5      | Your scales start taking on a golden yellow colour.
  4534 | D:5      | Reached XP level 7. HP: 18/57 MP: 7/7
  4534 | D:5      | Gained mutation: You are resistant to acid. (rCorr) [Yellow
                  | Draconian growth]
  5298 | D:5      | Reached skill level 9 in Unarmed Combat
  5302 | D:5      | Found a hazy altar of Hepliaklqana.
  5306 | D:5      | Became a worshipper of Hepliaklqana the Forgotten
  5306 | D:5      | Reached * piety under Hepliaklqana
  5306 | D:5      | Reached ** piety under Hepliaklqana
  5307 | D:5      | Remembered your ancestor Lana as a knight
  5418 | D:5      | Found Gaudghui's Antique Weapon Shoppe.
  5433 | D:5      | Bought an iridescent dagger for 140 gold pieces
  5433 | D:5      | Identified the +8 dagger of Peril {antimagic, Will+ Int+3}
                  | (You bought it in a shop on level 5 of the Dungeon)
  5554 | D:6      | Found a runed translucent door.
  5559 | D:6      | Noticed Fractals's ghost (novice HuWz)
  5607 | D:6      | Found a white marble altar of Elyvilon.
  5664 | D:6      | Reached XP level 8. HP: 56/56 MP: 8/8
  5796 | D:6      | Found a shadowy altar of Dithmenos.
  5830 | D:6      | Reached skill level 10 in Unarmed Combat
  6064 | D:7      | Reached skill level 1 in Invocations
  6195 | D:7      | Noticed Maggie
  6209 | D:7      | Killed Maggie
  6210 | D:7      | Reached skill level 11 in Unarmed Combat
  6912 | D:8      | Reached XP level 9. HP: 63/63 MP: 11/11
  7067 | D:8      | Reached *** piety under Hepliaklqana
  7087 | D:8      | HP: 3/63 [wyvern zombie (10)]
  7535 | D:8      | Found an ancient bone altar of Kikubaaqudgha.
  7566 | D:8      | Reached skill level 12 in Unarmed Combat
  7831 | D:8      | Noticed a two-headed ogre
  8369 | D:9      | Found a glowing golden altar of the Shining One.
  8568 | D:9      | Noticed a two-headed ogre
  8574 | D:9      | Noticed a boulder beetle
  8578 | D:9      | Killed a two-headed ogre
  8579 | D:9      | Reached skill level 13 in Unarmed Combat
  9341 | D:8      | Killed a two-headed ogre
  9342 | D:8      | Reached skill level 14 in Unarmed Combat
  9342 | D:8      | Reached XP level 10. HP: 12/69 MP: 12/12
  9932 | D:8      | HP: 3/69 [troll (4)]
 10468 | D:9      | Identified the +9 dagger of Niceistre {speed, +Rage}
 11133 | D:9      | Killed a boulder beetle
 11134 | D:9      | Reached skill level 15 in Unarmed Combat
 11414 | D:9      | Noticed a manticore
 11428 | D:9      | Killed a manticore
 11561 | D:9      | Noticed a skeletal warrior
 11727 | D:9      | Noticed a seven-headed hydra
 11752 | D:9      | Found a glowing silver altar of Zin.
 11990 | D:9      | Killed a skeletal warrior
 11991 | D:9      | Reached XP level 11. HP: 27/76 MP: 13/13
 12895 | D:9      | HP: 2/76 [seven-headed hydra (9)]
 12899 | D:9      | Slain by a seven-headed hydra

Illustrated notes

Levels and vault maps discovered:
D:1:      roderic_crop_circles_arrival_small, layout_basic,
          dreamdust_ecumenical_altar_sealed_demon, minmay_small_reverse_x
D:2:      layout_basic
D:3:      layout_basic, amcnicky_altar_gilded, cheibrodos_sewer_entry_bend,
          ebering_ghost_reflecting_pool
D:4:      layout_gridville, mainiacjoe_overflow_chevrons,
          minmay_misc_feat_enclosed, nicolae_alphabet_shops
D:5:      cheibrodos_helix_gallery, layout_basic, nzn_hepliaklqana_mist_gate,
          mainiacjoe_overflow_small_starburst, minmay_temple_entry_butterflies,
          serial_shops, nicolae_square_shop
D:6:      layout_gridville, elyvilon_altar_1,
          mainiacjoe_overflow_surrounded_room, ebering_ghost_sewer_d,
          minmay_misc_feat_tiny, chequers_serial_rivers_micro_b
D:7:      layout_rooms, kennysheep_small_circle, uniq_maggie
D:8:      layout_loops_cross, lemuel_round_altar, kennysheep_generic_room_14
D:9:      hangedman_cross_cluster, layout_rooms, zin_treasury,
          nicolae_tso_carved_into_rock
Temple:   dshaligram_water_room_temple

Skill      XL: |  1  2  3  4  5  6  7  8  9 10 11 |
---------------+----------------------------------+-----
Unarmed Combat | 5 6 8 9 11 14 15 | 15.4
Invocations    | 3 |  3.6
Dodging        | 3 4 |  4.1
Fighting       | 4 |  4.9
Stealth        | |  1.7

Action                   |  1- 3 |  4- 6 |  7- 9 | 10-12 || total
-------------------------+-------+-------+-------+-------++-------
Melee: Unarmed           |    59 |   153 |   169 |    86 ||   467
       Tailslap          |     7 |    17 |    20 |    22 ||    66
       Punch             |     1 |     3 |     4 |     6 ||    14
       Dagger            |       |       |       |    15 ||    15
Invok: Ancestor Life: Kn |       |       |     1 |       ||     1
       Ancestor Identity |       |       |     1 |       ||     1
       Recall Ancestor   |       |       |       |     4 ||     4
 Abil: Breathe Acid      |       |       |     2 |    10 ||    12
Evoke: Wand              |       |       |       |     5 ||     5
  Use: Potion            |     2 |       |     1 |     2 ||     5
       Scroll            |       |     3 |     7 |     2 ||    12
 Stab: Sleeping          |     3 |     5 |     4 |       ||    12
       Distracted        |       |       |     3 |       ||     3
Armor: Skin              |    12 |    42 |    51 |    32 ||   137
Dodge: Dodged            |    29 |    77 |    97 |    40 ||   243
